 Dungeon Crawl Stone Soup version 0.27.1-37-g7b29ead8ac (webtiles) character file.

Game seed: 10205834135747477602

124 AarnesTheHuman the Shield-Bearer (level 5, -9/42 HPs)
             Began as a Formicid Fighter on June 5, 2023.
             Killed by divine providence
             ... invoked by an orc priest
              (17 damage)
             ... on level 3 of the Dungeon.
             The game lasted 00:01:56 (2729 turns).

AarnesTheHuman the Shield-Bearer (Formicid Fighter) Turns: 2729, Time: 00:01:57

Health: -9/42      AC:  7    Str: 21    XL:     5   Next: 30%
Magic:  5/5        EV:  8    Int:  8    God:
Gold:   164        SH:  9    Dex: 10    Spells: 4/4 levels left

rFire    . . .     SeeInvis +   a - +0 quarterstaff
rCold    . . .     Faith    .   c - +0 kite shield
rNeg     . . .     Spirit   .   b - +0 scale mail
rPois    .         Reflect  .   (helmet unavailable)
rElec    .         Harm     .   (no cloak)
rCorr    .         Rampage  .   (no gloves)
Will     .....                  (no boots)
Stlth    ..........             (no amulet)
HPRegen  0.14/turn              (no ring)
MPRegen  0.09/turn              (no ring)

@: no status effects
A: permanent stasis, dig shafts and tunnels, antennae 3, four strong arms
a: Dig, Shaft Self


You were on level 3 of the Dungeon.
You visited 1 branch of the dungeon, and saw 3 of its levels.

You collected 164 gold pieces.

Inventory:

Hand Weapons
 a - a +0 quarterstaff (weapon)
 o - a +2 vampiric dagger
Missiles
 e - 121 stones
Armour
 b - a +0 scale mail (worn)
 c - a +0 kite shield (worn)
Jewellery
 s - a ring of flight
Scrolls
 f - 2 scrolls of amnesia {unknown}
 i - a scroll of vulnerability {unknown}
 j - a scroll of torment {unknown}
 k - 2 scrolls of identify {unknown}
 l - a scroll of brand weapon {unknown}
 n - a scroll of teleportation {unknown}
 q - a scroll of enchant weapon {unknown}
 r - 2 scrolls of magic mapping {unknown}
Potions
 d - a potion of might
 g - a potion of heal wounds {unknown}
 h - a potion of degeneration {unknown}
 m - a potion of brilliance {unknown}
 p - 2 potions of curing {unknown}


   Skills:
 + Level 4.1 Fighting
 + Level 3.0 Staves
 + Level 4.2 Armour
 + Level 4.6 Shields


You had 4 spell levels left.
You didn't know any spells.
Your spell library contained the following spells:

 Spells                   Type           Power      Damage    Failure   Level
 Gell's Gravitas          Tloc           0%         N/A       100%        3
 Teleport Other           Tloc           0%         N/A       100%        3
 Hailstorm                Conj/Ice       0%         3d3       100%        4
 Ice Form                 Ice/Tmut       0%         N/A       100%        4
 Dispersal                Tloc           0%         N/A       100%        6
 Simulacrum               Ice/Necr       0%         N/A       100%        6


Dungeon Overview and Level Annotations

Branches:
Dungeon (3/15)

Altars:


Innate Abilities, Weirdness & Mutations

You cannot be hasted, slowed, berserked, paralysed or teleported.
You can dig through walls and to a lower floor.
You have a pair of large antennae on your head. (SInv)
Your four strong arms can wield two-handed weapons with a shield.


Message History

An orc and an orc priest come into view.
The orc shouts!
The orc priest shouts!
You hear a shout! x2
An orc comes into view. It is wielding a +0 hand axe.
Found a glowing rapier.
There are monsters nearby!
There are monsters nearby!
There are monsters nearby!
A rat comes into view.
An orc comes into view. It is wielding a +0 whip.
The orc moves out of view.
There is an open door here.
You hit the orc but do no damage. You block the orc's attack.
You hit the orc.
The orc is severely wounded.
You block the orc's attack.
Your scale mail prevents you from hitting the orc.
The orc is severely wounded.
The orc hits you with a +0 flail!
You hit the orc.
You kill the orc!
The orc hits you with a +0 hand axe.
You thump the orc!
You kill the orc!
The orc priest mumbles some strange prayers to Beogh against you.
Beogh smites you!
Your shield and scale mail prevent you from hitting the orc priest.
The orc priest hits you with a +0 club.
Your shield and scale mail prevent you from hitting the orc priest.
The orc priest calls down the wrath of Beogh upon you.
Pain shoots through your body!
* * * LOW HITPOINT WARNING * * *
You sock the orc priest!
The orc priest is heavily wounded.
The orc priest barely misses you. The orc priest hits you with a +0 club.
* * * LOW HITPOINT WARNING * * *
You hit the orc priest but do no damage.
The orc priest is heavily wounded.
The orc priest invokes the aid of Beogh against you.
Beogh smites you!
You die...

#####........#...###...+##..
##.....#......#...#.#...#.###
#......###....#....##..)#..#)
###......###....#......###)##..
###........##...#.#......#|##..##
....#.######......#.......####.##
......# #....#..###############
#.....# #.#####............^...
##.##.# ### #@................
##....# #.oo#................
....#.# #.#r#................
##.....# ). #.##...........†...
#####..# #.. #. ##.......#.....#
.. ..# #. .. #....###.####### ##
.# . ## ####.##....# # .+
#..........# #.#........#


You could see an orc priest, an orc and a rat.

Vanquished Creatures
  5 adders
  A worm (D:2)
  3 dart slugs
  7 orcs (D:3)
  5 ball pythons
  6 bats
  3 endoplasms
  A giant cockroach (D:3)
  6 goblins
  8 hobgoblins
  4 jackals (D:2)
  4 kobolds
  3 quokkas
  2 frilled lizards (D:3)
  5 rats
63 creatures vanquished.

Notes
Turn   | Place    | Note
-------+----------+-------------------------------------------
     0 | D:1      | AarnesTheHuman the Formicid Fighter began the quest for the
                  | Orb.
     0 | D:1      | Reached XP level 1. HP: 18/18 MP: 1/1
   109 | D:1      | You fall into a shaft and drop 1 floor!
   179 | D:2      | Reached XP level 2. HP: 24/24 MP: 2/2
   218 | D:2      | Reached XP level 3. HP: 21/29 MP: 3/3
   957 | D:1      | Found a faded altar of an unknown god.
  1471 | D:2      | Reached XP level 4. HP: 8/37 MP: 4/4
  2239 | D:3      | Reached XP level 5. HP: 30/42 MP: 5/5
  2729 | D:3      | Killed from afar by an orc priest

Illustrated notes

Levels and vault maps discovered:
D:1:      dpeg_arrival_round_c, layout_rooms, serial_bayou,
          serial_bayou_lagoon_b, serial_bayou_pond_a, serial_bayou_lagoon_a,
          serial_bayou_crossing, dilly_ecumenical_altar_fadedgnrine,
          serial_park_tiny_pond
D:2:      layout_rooms, kennysheep_boxes
D:3:      minmay_chambers_of_threes, layout_rooms, mainiacjoe_overflow_swirl,
          guppyfry_early_orc_mine

Skill      XL: |  1  2  3  4  5 |
---------------+----------------+-----
Shields        | 4 |  4.6
Armour         | 4 |  4.2
Fighting       | 4 |  4.1
Staves         | 3 |  3.0

Action                   |  1- 3 |  4- 6 || total
-------------------------+-------+-------++-------
Melee: Quarterstaff      |   101 |    98 ||   199
Armor: Scale mail        |    45 |    33 ||    78
Dodge: Dodged            |    46 |    33 ||    79
Block: Kite shield       |    59 |    55 ||   114
